 Dungeon Crawl Stone Soup version 0.27-a0-1202-ge72e49191c (webtiles) character file.

Game seed: 3088001120044140237

1179 sanka the Magician (level 8, -1/56 HPs)
             Began as a Djinni Artificer on June 4, 2021.
             Was a Follower of Makhleb.
             Slain by Edmund
             ... wielding a +1 flail of protection
              (4 damage)
             ... on level 5 of the Dungeon.
             The game lasted 00:10:13 (7469 turns).

sanka the Magician (Djinni Artificer)               Turns: 7469, Time: 00:10:13

Health: -1/56      AC: 13    Str: 11    XL:     8   Next: 69%
Gold:   134        EV: 11    Int: 18    God:    Makhleb [*.....] SH:  0 Dex: 17

rFire    + + .     SeeInvis .   a - +8 rapier
rCold    x . .     Faith    .   (no shield)
rNeg     + . .     Spirit   .   l - +8 ring mail "Bobaugot" {Will+ Int+4 Dex+2}
rPois    ∞         Reflect  .   (no helmet)
rElec    .         Harm     .   (no cloak)
rCorr    .         Rampage  .   (no gloves)
Will     +....                  (boots unavailable)
Stlth    +.........             (no amulet)
HPRegen  0.18/turn              v - ring of positive energy
MPRegen  0.00/turn              (no ring)

@: flying
A: sickness immunity, fire resistance 2, cold vulnerability 1, float, innate
caster, hp casting, extra vitality 1
a: Renounce Religion


You were on level 5 of the Dungeon.
You worshipped Makhleb.
Makhleb was aware of your devotion.
You visited 2 branches of the dungeon, and saw 6 of its levels.

You collected 134 gold pieces.


Innate Abilities, Weirdness & Mutations

You are immune to sickness and miasma.
You are immune to poison.
Your flesh is very heat resistant. (rF++)
You are vulnerable to cold. (rC-)
You float through the air rather than walking.
You learn spells naturally, not from books.
Your magical power is your life essence.
You have superior vitality. (+4 HP)


   Skills:
 - Level 3.0 Fighting
 - Level 1.0 Armour
 - Level 2.1 Dodging
 - Level 0.7 Stealth
 + Level 7.0 Spellcasting
 - Level 3.0 Evocations


You had 16 spell levels left.
You knew the following spells:

 Your Spells              Type           Power      Damage    Failure   Level
u - Wereblood             Tmut           31%        N/A       1%          2
y - Ensorcelled Hibernat  Hex/Ice        62%        N/A       1%          2
z - Foxfire               Conj/Fire      100%       2x1d9     1%          1
Your spell library was empty.

Inventory:

Hand Weapons
 a - a +8 rapier (weapon)
 q - a +0 war axe
 r - a +0 short sword of venom
Armour
 l - the +8 ring mail "Bobaugot" (worn) {Will+ Int+4 Dex+2}

   It affects your intelligence (+4).
   It affects your dexterity (+2).
   It increases your willpower.
 o - a +2 kite shield
Jewellery
 v - a ring of positive energy (left hand)
Wands
 c - a wand of flame (12) (quivered)
 d - a wand of charming (15)
 u - a wand of digging (8)
Scrolls
 b - a scroll of silence {unknown}
 f - a scroll of identify {@r1}
 g - a scroll of enchant armour {unknown}
 i - a scroll of blinking {unknown}
 n - a scroll of magic mapping
 p - a scroll of enchant weapon {unknown}
 t - a scroll of fog {unknown}
Potions
 m - a potion of haste {unknown}
Miscellaneous
 e - a piece from Xom's chessboard (15/15)

Dungeon Overview and Level Annotations

Branches:
Dungeon (5/15)             Temple (1/1) D:4

Altars:
Cheibriados
Dithmenos
Fedhas
Gozag
Hepliaklqana
Makhleb
Nemelex Xobeh
Okawaru
Qazlal
Ru
Trog
Uskayaw
Wu Jian
Zin
The Shining One
Beogh

Annotations:
D:5 Edmund

▒▒.....▒▒ ▒▒...▒▒▒.▒▒...
▒......▒ ▒▒▒........▒▒..▒
▒...▒..▒▒...▒▒▒▒▒▒.▒▒▒..▒
▒...▒▒....▒▒. ▒▒.▒▒.▒▒
▒...▒▒▒▒...▒▒▒ ▒▒.▒..▒▒
▒▒.........▒ ▒▒.▒▒▒▒.▒
▒..........▒ ▒▒.▒▒ ▒▒. ▒
▒▒..▒▒▒D@▒▒ ▒▒.▒▒ ▒▒ ▒▒▒
▒▒▒R▒ ▒.▒▒ ▒▒▒ ▒▒▒


You could see Edmund and an acid dragon.


Message History

Edmund hits you with a +1 flail of protection.
* * * LOW HITPOINT WARNING * * *
It was a potion of invisibility.
You fade into invisibility!
Edmund barely misses you.
You are very lightly contaminated with residual magic.
It was a potion of attraction.
You feel attractive to monsters. Edmund hits you but does no damage.
It was a potion of resistance.
You feel protected.
Edmund hits you with a +1 flail of protection.
* * * LOW HITPOINT WARNING * * *
It was a potion of might.
You feel very mighty all of a sudden. Edmund closely misses you.
It was a potion of cancellation.
Your magical effects are unravelling.
You feel magically purged.
Your magical contamination has completely faded away.
You flicker back into view.
You feel a little less mighty now.
Your resistance to elements expires.
Edmund hits you with a +1 flail of protection.
* * * LOW HITPOINT WARNING * * *
You feel less attractive to monsters.
You hit Edmund.
Edmund is almost dead.
Edmund hits you with a +1 flail of protection.
You die...

Action                   |  1- 3 |  4- 6 |  7- 9 || total
-------------------------+-------+-------+-------++-------
Melee: Club              |    16 |       |       ||    16
       Short sword       |   100 |   235 |    31 ||   366
       Rapier            |       |       |    56 ||    56
 Cast: Foxfire           |       |    10 |    32 ||    42
       Ensorcelled Hiber |       |       |     2 ||     2
Evoke: Wand              |       |       |     3 ||     3
  Use: Potion            |       |       |     5 ||     5
       Scroll            |       |       |     1 ||     1
 Stab: Sleeping          |       |     1 |     1 ||     2
Armor: Leather armour    |    49 |    26 |       ||    75
       Ring mail         |       |    64 |    56 ||   120
Dodge: Dodged            |    87 |   141 |    57 ||   285

Levels and vault maps discovered:
D:1:      minmay_arrival_stair_chambers, layout_basic,
          chequers_ecumenical_altar_simple_redux, st_stairs_3,
          grunt_decor_junction
D:2:      layout_loops_ring, minmay_split_cup_large
D:3:      layout_loops_cross, biasface_ghost_orc_armoury, item_on_display_a
D:4:      layout_loops_ring, temple_fountains, serial_forest,
          infiniplex_forest_end_3, infiniplex_forest_zigzag_2,
          infiniplex_forest_3_way, infiniplex_forest_corner_1,
          infiniplex_forest_straight_3, infiniplex_forest_clump_large,
          infiniplex_forest_side_room, infiniplex_forest_lined_2,
          infiniplex_forest_clump_small, minmay_manual_monstrance
D:5:      layout_layer_cave, saegor_snake_ambush, uniq_edmund, uniq_eustachio
Temple:   regret_index_temple_waves

Notes
Turn   | Place    | Note
-------+----------+-------------------------------------------
     0 | D:1      | sanka the Djinni Artificer began the quest for the Orb.
     0 | D:1      | Reached XP level 1. HP: 17/17 MP: 0/0
   396 | D:1      | Found a faded altar of an unknown god.
   403 | D:1      | Reached skill level 2 in Fighting
   403 | D:1      | Reached XP level 2. HP: 23/23 MP: 0/0
  1291 | D:1      | Reached XP level 3. HP: 10/29 MP: 0/0
  1291 | D:1      | Learned a level 1 spell: Foxfire
  1736 | D:2      | Reached skill level 3 in Fighting
  1736 | D:2      | Reached skill level 1 in Spellcasting
  1982 | D:2      | Reached XP level 4. HP: 23/35 MP: 0/0
  2525 | D:2      | Reached skill level 2 in Spellcasting
  2542 | D:2      | Reached XP level 5. HP: 5/40 MP: 0/0
  2542 | D:2      | Learned a level 2 spell: Ensorcelled Hibernation
  3547 | D:3      | Noticed Kuinu's ghost (amateur KoBr)
  3548 | D:3      | Found a runed translucent gate.
  3548 | D:3      | Found a runed translucent gate.
  3549 | D:3      | Found a runed translucent gate.
  3549 | D:3      | Identified the +8 ring mail "Bobaugot" {Will+ Int+4 Dex+2}
  4234 | D:4      | Found a staircase to the Ecumenical Temple.
  4264 | Temple   | Entered the Ecumenical Temple
  4345 | Temple   | Became a worshipper of Makhleb the Destroyer
  4614 | D:4      | Reached skill level 3 in Spellcasting
  4620 | D:4      | Noticed an ogre
  5095 | D:4      | Reached XP level 6. HP: 45/46 MP: 0/0
  5230 | D:4      | Reached skill level 4 in Spellcasting
  5912 | D:4      | Reached XP level 7. HP: 48/50 MP: 0/0
  5912 | D:4      | Learned a level 2 spell: Wereblood
  6059 | D:4      | Reached * piety under Makhleb
  6077 | D:4      | Reached skill level 5 in Spellcasting
  6576 | D:3      | Killed Kuinu's ghost
  6756 | D:5      | Entered Level 5 of the Dungeon
  6782 | D:5      | Reached XP level 8. HP: 56/56 MP: 0/0
  6815 | D:5      | Reached skill level 6 in Spellcasting
  7169 | D:5      | Reached skill level 7 in Spellcasting
  7436 | D:5      | Noticed Edmund
  7466 | D:5      | Identified a potion of resistance
  7466 | D:5      | HP: 4/56 [Edmund/+1 flail of protection (5)]
  7469 | D:5      | Slain by Edmund

Vanquished Creatures
  The ghost of Kuinu the Sneak, an amateur KoBr (D:3)
  A water moccasin (D:5)
  A necrophage (D:5)
  An ogre (D:4)
  3 phantoms (D:5)
  A scorpion (D:4)
  A water moccasin skeleton (D:5)
  A hound (D:4)
  3 orc priests (D:4)
  A jelly (D:5)
  A bullfrog skeleton (D:4)
  2 orc wizards (D:4)
  An iguana (D:4)
  A hound zombie (D:5)
  A gnoll (D:2)
  9 adders
  An ufetubus (D:4)
  An adder skeleton (D:4)
  2 worms (D:4)
  A dart slug (D:2)
  15 orcs
  9 ball pythons
  3 endoplasms
  2 giant cockroaches
  9 goblins
  2 hobgoblins
  7 jackals
  7 kobolds
  2 quokkas
  4 bats
  2 frilled lizards (D:2)
  3 rats (D:1)
99 creatures vanquished.

Vanquished Creatures (others)
  2 bushes (D:4)
  74 foxfires
  15 plants (D:4)
91 creatures vanquished.

Grand Total: 190 creatures vanquished
